 Dungeon Crawl Stone Soup version 0.30-a0-1085-g990a428a5c (webtiles) character file.

Game seed: 18390683629640794418

832 Lavandula the Insei (level 7, 61/61 HPs)
             Began as a Naga Venom Mage on Apr 16, 2023.
             Was an Initiate of Ru.
             Quit the game on level 6 of the Dungeon.
             The game lasted 00:10:49 (4731 turns).

Lavandula the Insei (Naga Venom Mage)               Turns: 4731, Time: 00:10:49

Health: 61/61      AC:  8    Str: 10    XL:     7   Next: 98%
Magic:  12/13      EV: 10    Int: 20    God:    Ru [......]
Gold:   218        SH:  0    Dex: 18    Spells: 4/14 levels left

rFire   . . .      SeeInvis +      - Unarmed
rCold   . . .      Faith    +    (no shield)
rNeg    . . .      Spirit   .    a - +0 robe
rPois   +          Reflect  .    (no helmet)
rElec   .          Rampage  .    (no cloak)
rCorr   .                        x - +0 pair of gloves
Will    .....                    (no barding)
Stlth   ++                       k - amulet of faith
HPRegen 0.30/turn                h - +6 ring of dexterity
MPRegen 0.13/turn                i - ring "Teifoqyi" {AC+4 Int+3}

@: very slow
A: AC +2, large, see invisible, deformed body, poison resistance, slowness 2,
spit poison 1, naga tail 1
a: Spit Poison, Renounce Religion


You were on level 6 of the Dungeon.
You worshipped Ru.
Ru was noncommittal.
You visited 2 branches of the dungeon, and saw 7 of its levels.

You collected 218 gold pieces.

Inventory:

Armour
 a - a +0 robe (worn)
 x - a +0 pair of gloves (worn)
Jewellery
 h - a +6 ring of dexterity (left hand)
 i - the ring "Teifoqyi" (right hand) {AC+4 Int+3}
   (You acquired it on level 3 of the Dungeon)

   [ring of protection]

   AC:        It affects your AC (+4).
   Int:       It affects your intelligence (+3).
 k - an amulet of faith (around neck)
Wands
 m - a wand of iceblast (10)
 A - a wand of flame (14)
Scrolls
 d - a scroll of fear {unknown}
 g - a scroll of blinking {unknown}
 q - a scroll of fog
 s - a scroll of silence {unknown}
 u - 2 scrolls of teleportation {unknown}
 v - a scroll of enchant armour {unknown}
 w - 2 scrolls of immolation
 y - a scroll of magic mapping {unknown}
 z - a scroll of poison {unknown}
 B - a scroll of identify
Potions
 b - a potion of magic
 c - a potion of attraction {unknown}
 e - 3 potions of mutation {unknown}
 f - 3 potions of curing {unknown}
 j - 2 potions of resistance {unknown}
 l - 3 potions of haste {unknown}
 n - 3 potions of might
 o - 3 potions of flight {unknown}
 p - a potion of ambrosia {unknown}
 r - 4 potions of brilliance {unknown}


   Skills:
 + Level 2.6 Fighting
 - Level 1.5 Dodging
 - Level 3.0 Stealth
 - Level 6.1 Unarmed Combat
 - Level 4.0 Spellcasting
 - Level 1.0 Transmutations
 - Level 6.0 Poison Magic


You had 4 spell levels left.
You knew the following spells:

 Your Spells              Type           Power      Damage    Failure   Level
a - Sting                 Tmut/Pois      72%        1d6       3%          1
b - Poisonous Vapours     Pois/Air       32%        N/A       5%          2
c - Mephitic Cloud        Conj/Pois/Air  12%        N/A       17%         3
d - Olgreb's Toxic Radia  Pois           28%        N/A       11%         4

Your spell library contained the following spells:

 Spells                   Type           Power      Damage    Failure   Level
 Blink                    Tloc           8%         N/A       19%         2
 Manifold Assault         Tloc           4%         N/A       77%         4
 Storm Form               Tmut/Air       3%         N/A       100%        7


Dungeon Overview and Level Annotations

Branches:
Dungeon (6/15)             Temple (1/1) D:4

Altars:
Ashenzari
Dithmenos
Fedhas
Gozag
Kikubaaqudgha
Makhleb
Nemelex Xobeh
Okawaru
Ru
Trog
Uskayaw
Wu Jian
Xom
Yredelemnul

Shops:
D:4 (


Innate Abilities, Weirdness & Mutations

Your serpentine skin is tough. (AC +2)
You have supernaturally acute eyesight. (SInv)
Armour fits poorly on your strangely shaped body.
Your system is resistant to poisons. (rPois)
You cover ground very slowly.
You can spit poison.
You have a snake-like lower body.


Message History

Your Fighting skill increases to level 2!
You are no longer corroded.
There is a stone staircase leading down here.
You now have 210 gold pieces (gained 17).
There is a stone staircase leading down here.
You see here an adder corpse.
An iguana comes into view.
You see here a scroll labelled WUANUMO BIFA.
There are monsters nearby!
There are monsters nearby!
There are monsters nearby!
There are monsters nearby!
You see here 8 gold pieces.
You now have 218 gold pieces (gained 8).
Casting: Olgreb's Toxic Radiance (dangerous; 11% risk of failure)
Confirm with . or Enter, or press ? or * to list all spells.
You begin to radiate toxic energy.
The iguana hisses angrily.
The iguana is poisoned.
The iguana looks even sicker.
Your toxic aura wanes.
Casting: Olgreb's Toxic Radiance (dangerous; 11% risk of failure)
Confirm with . or Enter, or press ? or * to list all spells.
You miscast Olgreb's Toxic Radiance.
You are very lightly contaminated with residual magic.
Nothing appears to happen.
Casting: Olgreb's Toxic Radiance (dangerous; 11% risk of failure)
Confirm with . or Enter, or press ? or * to list all spells.
You begin to radiate toxic energy.
The iguana looks even sicker.
The iguana looks as sick as possible!
You kill the iguana!
Your toxic aura wanes.
You start resting.
Your magical contamination has completely faded away.
You start resting.
An ice beast is nearby!
There is a stone staircase leading down here.
You climb downwards.
There is a stone staircase leading up here.
Are you sure you want to abandon this character and quit the game? (Confirm with "yes".) ## .. #. #..### #...@# #.####

There were no monsters in sight!

Vanquished Creatures
  Sigmund (D:2)
  An ogre (D:5)
  Blork the orc (D:5)
  A scorpion (D:4)
  A jelly (D:5)
  A hound (D:4)
  2 sleepcaps (D:5)
  A gnoll bouda (D:3)
  An iguana (D:5)
  10 gnolls
  7 adders
  A white imp (D:5)
  7 worms
  2 dart slugs
  5 orcs
  2 bats
  10 endoplasms
  2 giant cockroaches
  10 goblins
  6 hobgoblins
  14 jackals
  8 kobolds
  2 quokkas
  2 ball pythons
  7 frilled lizards
  5 rats
110 creatures vanquished.

Notes
Turn   | Place    | Note
-------+----------+-------------------------------------------
     0 | D:1      | Lavandula the Naga Venom Mage began the quest for the Orb.
     0 | D:1      | Reached XP level 1. HP: 15/15 MP: 3/3
   161 | D:1      | Reached XP level 2. HP: 22/22 MP: 0/5
   483 | D:1      | Learned a level 2 spell: Poisonous Vapours
   590 | D:1      | Reached XP level 3. HP: 19/28 MP: 2/7
   979 | D:2      | Noticed Sigmund
   987 | D:2      | Killed Sigmund
   988 | D:2      | Reached XP level 4. HP: 14/36 MP: 2/10
   988 | D:2      | Reached XP level 5. HP: 17/42 MP: 2/11
  1402 | D:2      | Reached XP level 6. HP: 49/49 MP: 9/12
  2255 | D:3      | Identified a scroll of acquirement
  2257 | D:3      | Acquired the ring "Teifoqyi" {AC+4 Int+3}
  2337 | D:3      | Reached skill level 5 in Unarmed Combat
  2814 | D:3      | Found a blossoming altar of Fedhas.
  3143 | D:4      | Found Gapluwu's Weapon Shop.
  3345 | D:4      | Found a staircase to the Ecumenical Temple.
  3364 | D:4      | Reached XP level 7. HP: 55/55 MP: 9/13
  3370 | Temple   | Entered the Ecumenical Temple
  3374 | Temple   | Became a worshipper of Ru the Awakened
  3734 | D:5      | Entered Level 5 of the Dungeon
  3805 | D:5      | Learned a level 3 spell: Mephitic Cloud
  3810 | D:5      | Learned a level 4 spell: Olgreb's Toxic Radiance
  4251 | D:5      | Noticed Blork the orc
  4261 | D:5      | Killed Blork the orc
  4262 | D:5      | Reached skill level 5 in Poison Magic
  4409 | D:5      | Reached skill level 1 in Fighting
  4477 | D:5      | oops
  4731 | D:6      | Quit the game

Illustrated notes

#### ### ###..#
#.###....##
###.........#####
####.......>.......#
##.##......#............
#......@.f..............
#...........#..#........
..#..##....###.##.......
.... .!.....##.###......
..#..........#.# #......
......######....#.......
..!.# .$.#.......# .#.#
..........## #.
.........


Turn 4477 on D:5: oops

Levels and vault maps discovered:
D:1:      wander_arrival_lonely_grave, layout_rooms,
          nicolae_concentric_dashed_squares_wild, minmay_misc_feat_ornament,
          hangedman_decor_points, minmay_close_crescents
D:2:      layout_basic, uniq_sigmund
D:3:      layout_basic, fedhas_altar_4, nicolae_wormholes
D:4:      layout_cave_pools, minmay_temple_entry_wispy, serial_shops,
          nicolae_shop_bloodbath_and_beyond
D:5:      layout_cave_pools, uniq_blork_the_orc
D:6:      layout_basic, serial_undead, serial_undead_e, serial_undead_b,
          serial_undead_a, serial_undead_c
Temple:   nicolae_temple_x_marks_the_god

Skill      XL: |  1  2  3  4  5  6  7 |
---------------+----------------------+-----
Spellcasting   | 3 4 |  4.0
Unarmed Combat | 3 4 5 6 |  6.1
Poison Magic   | 6 |  6.0
Fighting       | 2 |  2.6
Dodging        | |  1.5
Stealth        | |  3.0
Transmutations | |  1.0

Action                     |  1- 3 |  4- 6 |  7- 9 || total
---------------------------+-------+-------+-------++-------
  Melee: Unarmed           |    14 |    24 |    31 ||    69
         Punch             |       |     1 |     6 ||     7
  Throw: Boomerang         |       |       |     1 ||     1
   Cast: Sting             |    38 |    93 |    39 ||   170
         Poisonous Vapours |     1 |     7 |     4 ||    12
         Olgreb's Toxic Ra |       |       |     7 ||     7
Ability: Spit Poison       |    13 |    30 |    16 ||    59
  Evoke: Wand              |       |       |     5 ||     5
    Use: Scroll            |       |     6 |       ||     6
   Stab: Distracted        |       |     1 |       ||     1
 Armour: Robe              |     6 |    19 |    30 ||    55
  Dodge: Dodged            |    19 |    35 |    29 ||    83

Table legend: (Time is in decaauts)
 A = Elapsed time spent in this place.
 B = Non-inter-level travel time spent in this place.
 C = Inter-level travel time spent in this place.
 D = Time resting spent in this place.
 E = Time spent auto-exploring this place.
 F = Levels seen in this place.
 G = Mean time per level.
                   A        B        C        D        E       F      G
               +--------+--------+--------+--------+--------+-----+--------+
         Total |   5661 |   5502 |    159 |    316 |   4266 |   7 |  808.7 |
       Dungeon |   5649 |   5495 |    154 |    316 |   4266 |   6 |  941.5 |
        Temple |     11 |      6 |      5 |      0 |      0 |   1 |   11.0 |
               +--------+--------+--------+--------+--------+-----+--------+

Top non-repeatable levels by time:
     D:3: 1463 daAuts
     D:2: 1183 daAuts
     D:5: 1102 daAuts
     D:1: 1097 daAuts
     D:4: 802 daAuts
  Temple: 11 daAuts
     D:6: 0 daAuts
